SAN JOSE Sharks vs ANAHEIM Ducks (R3)

Created - 20 février 2024 at 18:11

Goals
1 2 3 OT1 T
SAN JOSE Sharks 0 3 0 0 3
ANAHEIM Ducks 2 0 1 1 4
Shots
1 2 3 OT1 T
SAN JOSE Sharks 10 9 24 3 46
ANAHEIM Ducks 10 9 12 2 33

1st period

1. ANAHEIM Ducks , Nick Paul 3 (Chandler Stephenson 9) at 6:25 (PP)
2. ANAHEIM Ducks , Brett Pesce 4 (Mark Giordano 5, Nick Paul 9) at 11:28 (PP)

Penalties :
John Tavares (SJS) for Roughing (Minor) at 0:06, John Tavares (SJS) for Slashing (Minor) at 6:23, Brett Pesce (ANA) for Tripping (Minor) at 7:57, John Tavares (SJS) for Holding (Minor) at 10:24, Ryan Lindgren (ANA) for Hooking (Minor) at 11:48

2nd period

3. SAN JOSE Sharks , Andrew Mangiapane 5 (John Klingberg 9, Jack Johnson 5) at 2:48 (PP)
4. SAN JOSE Sharks , John Tavares 8 (Joe Pavelski 10, Kyle Connor 11) at 2:58
5. SAN JOSE Sharks , Kyle Connor 7 (John Tavares 8, Joe Pavelski 11) at 12:44 (PP)

Penalties :
Seth Jones (ANA) for High sticking (Minor) at 1:13, Troy Stecher (SJS) for Interference (Minor) at 4:42, Joel Farabee (ANA) for Hooking (Minor) at 11:52, Cody Ceci (SJS) for Tripping (Minor) at 14:38, Nathan MacKinnon (ANA) for Tripping (Minor) at 14:49, John Klingberg (SJS) for Slashing (Minor) at 14:49, Warren Foegele (ANA) for Holding (Minor) at 19:17

3rd period

6. ANAHEIM Ducks , Elias Lindholm 5 (Nathan MacKinnon 6) at 2:46

Penalties :
Mark Giordano (ANA) for Tripping (Minor) at 5:49, Kyle Connor (SJS) for Slashing (Minor) at 9:08, Ryan Lindgren (ANA) for Tripping (Minor) at 12:50, Justin Holl (ANA) for Slashing (Minor) at 17:13, Evander Kane (SJS) for Hooking (Minor) at 17:13

Overtime #1

7. ANAHEIM Ducks , Elias Lindholm 6 (MacKenzie Weegar 9) at 4:28

Penalties :
No Penalty

Goalie Stats

Ville Husso (SJS), 29 saves from 33 shots - (0,879), OTL, 4-6-5, 64:29 minutes
Philipp Grubauer (ANA), 43 saves from 46 shots - (0,935), W, 8-4-0, 64:29 minutes

Players Stats for SAN JOSE Sharks

Player Name              G  A  P  +/- PIM S  H  SB GA TA FO     MP     PP MP  PK MP  
------------------------------------------------------------------------------------
Andrew Mangiapane        1  0  1   0  0   4  1  1  0  0  0/2    17:34   6:03   0:00 
Austin Watson            0  0  0   0  0   0  2  0  0  0  0/1     7:32   0:00   0:58 
Brayden McNabb           0  0  0   1  0   4  1  0  0  0  0/0    27:30   6:02   4:48 
Brett Howden             0  0  0   0  0   0  0  0  0  0  4/7     4:02   0:00   0:00 
Cam Atkinson             0  0  0   0  0   2  0  0  0  0  0/0     7:51   0:00   0:00 
Cody Ceci                0  0  0   1  2   1  1  4  0  0  0/0    28:47   6:02   3:59 
Evander Kane             0  0  0   0  2   4  3  1  0  0  1/2    17:33   6:03   0:00 
Jack Johnson             0  1  1  -1  0   2  2  2  0  0  0/0    22:26   6:20   4:20 
Joe Pavelski             0  2  2   0  0   1  1  0  0  0  1/4    19:21   6:19   0:00 
John Klingberg           0  1  1  -2  2   0  0  0  0  0  0/0    23:53   6:20   3:14 
John Tavares             1  1  2   0  6   9  5  0  0  0  34/48  25:27   6:19   4:10 
Kyle Connor              1  1  2   0  2   8  1  1  0  0  0/5    24:45   6:19   3:49 
Matias Maccelli          0  0  0   0  0   0  0  0  0  0  0/0     4:02   0:00   0:00 
Matt Nieto               0  0  0  -1  0   6  1  0  0  0  0/0    11:47   0:00   1:14 
Nick Cousins             0  0  0  -1  0   0  1  0  0  0  7/13   12:28   0:00   2:09 
Oliver Kylington         0  0  0   0  0   1  3  1  0  0  0/0    10:53   0:00   0:43 
Sam Bennett              0  0  0   0  0   3  2  0  0  0  20/30  23:39   6:03   4:04 
Troy Stecher             0  0  0   0  2   1  1  0  0  0  0/0    10:49   0:00   0:51 

Players Stats for ANAHEIM Ducks

Player Name              G  A  P  +/- PIM S  H  SB GA TA FO     MP     PP MP  PK MP  
------------------------------------------------------------------------------------
Brayden Point            0  0  0  -1  0   5  2  1  0  0  0/1    21:11   4:27   0:00 
Brett Pesce              1  0  1   0  2   3  2  0  0  0  0/0    23:26   2:27   5:59 
Chandler Stephenson      0  1  1   1  0   3  2  2  0  0  8/17   21:23   2:47   4:09 
David Kampf              0  0  0   0  0   1  1  0  0  0  4/11   14:55   0:00   7:32 
Derick Brassard          0  0  0   1  0   0  0  0  0  0  0/0     6:39   0:00   0:00 
Elias Lindholm           2  0  2   2  0   6  3  2  0  0  18/51  27:02   4:27   7:45 
Jeff Carter              0  0  0  -1  0   2  5  0  0  0  11/23  17:59   2:47   1:09 
Joel Farabee             0  0  0   0  2   1  1  0  0  0  0/1     8:15   0:00   0:00 
Justin Holl              0  0  0   0  2   0  4  0  0  0  0/0    17:06   0:00   6:20 
MacKenzie Weegar         0  1  1   1  0   2  8  3  0  0  0/0    25:03   4:47   5:02 
Mark Giordano            0  1  1   0  2   0  1  3  0  0  0/0    19:26   2:27   0:36 
Nathan MacKinnon         0  1  1   1  2   4  2  0  0  0  0/0    16:34   4:26   0:00 
Nic Dowd                 0  0  0   0  0   1  0  0  0  0  4/8     9:12   0:00   4:09 
Nick Paul                1  1  2  -1  0   3  3  1  0  0  0/0    17:00   2:47   0:00 
Patrick Maroon           0  0  0   0  0   0  0  0  0  0  0/0     5:03   0:00   0:00 
Ryan Lindgren            0  0  0   0  4   0  3  0  0  0  0/0    14:53   0:00   4:08 
Seth Jones               0  0  0   0  2   1  2  0  0  0  0/0    24:29   4:47   2:39 
Warren Foegele           0  0  0   0  2   1  4  0  0  0  0/0     7:22   0:00   0:00 

3 Stars

1 - Elias Lindholm (ANA)
2 - MacKenzie Weegar (ANA)
3 - Nick Paul (ANA)

Power Play

SAN JOSE Sharks - 2 on 7 Attempt(s) - 28,57%
ANAHEIM Ducks - 2 on 6 Attempt(s) - 33,33%

Penalty Kill

SAN JOSE Sharks - 4 on 6 Attempt(s) - 66,67% - Score 0 goal in Penalty Kill
ANAHEIM Ducks - 5 on 7 Attempt(s) - 71,43% - Score 0 goal in Penalty Kill

Team Stat

SAN JOSE Sharks - Hits : 25 - Faceoff Wins : 67 - Blocked Shots : 10 - Penalty Minutes : 16
ANAHEIM Ducks - Hits : 43 - Faceoff Wins : 45 - Blocked Shots : 12 - Penalty Minutes : 18

Official

Referees : Brandon Schrader and Jordan Samuels-Thomas
Linesman : Jonny Murray and Ben O'Quinn

Game Notes

No Game Note

Finance

Level 1 -- Attendance: 5427 (90,45%) -- Ticket Income $542,700
Level 2 -- Attendance: 4046 (80,92%) -- Ticket Income $242,760
Level 3 -- Attendance: 2000 (100,00%) -- Ticket Income $70,000
Level 4 -- Attendance: 4000 (100,00%) -- Ticket Income $80,000
Luxury Box -- Attendance: 803 (80,30%) -- Ticket Income $160,600
Game was played at the Honda Center.
Total Attendance: 16276 (90,42%)
Total Ticket Income: $1,096,060
Other Income: $274,015
Total Income: $1,370,075

SAN JOSE Sharks

5 vs 5 Forward 
   Center                   Left Wing                Right Wing               Time % Phy DF OF 
 1 John Tavares             Kyle Connor              Joe Pavelski             40     1   2  2  
 2 Sam Bennett              Evander Kane             Andrew Mangiapane        30     1   2  2  
 3 Nick Cousins             Matt Nieto               Cam Atkinson             20     1   2  2  
 4 Brett Howden             Matias Maccelli          Austin Watson            10     1   2  2  

5 vs 5 Defense 
   Defense                  Defense                                           Time % Phy DF OF 
 1 Brayden McNabb           Cody Ceci                                         40     1   2  2  
 2 John Klingberg           Jack Johnson                                      30     1   2  2  
 3 Troy Stecher             Oliver Kylington                                  20     1   2  2  
 4 Brayden McNabb           Cody Ceci                                         10     1   2  2  

PowerPlay Forward 
   Center                   Left Wing                Right Wing               Time % Phy DF OF 
 1 John Tavares             Kyle Connor              Joe Pavelski             60     1   2  2  
 2 Sam Bennett              Evander Kane             Andrew Mangiapane        40     1   2  2  

PowerPlay Defense
   Defense                  Defense                                           Time % Phy DF OF 
 1 Brayden McNabb           Cody Ceci                                         60     1   2  2  
 2 John Klingberg           Jack Johnson                                      40     1   2  2  

Penalty Kill 4 Players Forward 
   Center                   Wing                     Time % Phy DF OF 
 1 John Tavares             Kyle Connor              60     1   2  2  
 2 Sam Bennett              Matt Nieto               40     1   2  2  

Penalty Kill 4 Players Defense
   Defense                  Defense                  Time % Phy DF OF 
 1 Brayden McNabb           Cody Ceci                60     1   2  2  
 2 John Klingberg           Jack Johnson             40     1   2  2  

Penalty Kill - 3 Players Forward 
   Forward                                           Time % Phy DF OF 
 1 John Tavares                                      60     1   2  2  
 2 Sam Bennett                                       40     1   2  2  

Penalty Kill - 3 Players Defense
   Defense                  Defense                  Time % Phy DF OF 
 1 Brayden McNabb           Cody Ceci                60     1   2  2  
 2 John Klingberg           Jack Johnson             40     1   2  2  

4 vs 4 Forward 
   Center                   Wing                     Time % Phy DF OF 
 1 John Tavares             Kyle Connor              60     1   2  2  
 2 Sam Bennett              Matt Nieto               40     1   2  2  

4 vs 4 Defense
   Defense                  Defense                  Time % Phy DF OF 
 1 Brayden McNabb           Cody Ceci                60     1   2  2  
 2 John Klingberg           Jack Johnson             40     1   2  2  

Last Minutes Offensive
   Center                   Left Wing                Right Wing               Defense                  Defense                  
   John Tavares             Kyle Connor              Joe Pavelski             Brayden McNabb           Cody Ceci                

Last Minutes Defensive
   Center                   Left Wing                Right Wing               Defense                  Defense                  
   John Tavares             Kyle Connor              Joe Pavelski             Brayden McNabb           Cody Ceci                

Goaltenders
Starting : Ville Husso              
Backup : Semyon Varlamov          

Extra Forwards
Normal : Sam Bennett, Matt Nieto, Evander Kane - PP : Sam Bennett, Matt Nieto - PK : Sam Bennett
Extra Defensemen
Normal : Jack Johnson, Troy Stecher, Oliver Kylington - PP : Jack Johnson - PK : Jack Johnson, Troy Stecher
Penalty Shots
Joe Pavelski, John Tavares, Kyle Connor, Andrew Mangiapane, Sam Bennett

Scratches
None

ANAHEIM Ducks

5 vs 5 Forward 
   Center                   Left Wing                Right Wing               Time % Phy DF OF 
 1 Elias Lindholm           Chandler Stephenson      Nathan MacKinnon         35     0   2  3  
 2 Jeff Carter              Nick Paul                Brayden Point            35     0   2  3  
 3 David Kampf              Joel Farabee             Warren Foegele           20     1   2  2  
 4 Nic Dowd                 Derick Brassard          Patrick Maroon           10     1   3  1  

5 vs 5 Defense 
   Defense                  Defense                                           Time % Phy DF OF 
 1 Brett Pesce              MacKenzie Weegar                                  40     1   2  2  
 2 Mark Giordano            Seth Jones                                        35     1   2  2  
 3 Justin Holl              Ryan Lindgren                                     20     2   2  1  
 4 Brett Pesce              MacKenzie Weegar                                  5      2   2  1  

PowerPlay Forward 
   Center                   Left Wing                Right Wing               Time % Phy DF OF 
 1 Elias Lindholm           Brayden Point            Nathan MacKinnon         60     0   1  4  
 2 Chandler Stephenson      Nick Paul                Jeff Carter              40     0   1  4  

PowerPlay Defense
   Defense                  Defense                                           Time % Phy DF OF 
 1 Seth Jones               MacKenzie Weegar                                  60     0   1  4  
 2 Mark Giordano            Brett Pesce                                       40     0   1  4  

Penalty Kill 4 Players Forward 
   Center                   Wing                     Time % Phy DF OF 
 1 Elias Lindholm           David Kampf              60     1   3  1  
 2 Chandler Stephenson      Nic Dowd                 40     1   3  1  

Penalty Kill 4 Players Defense
   Defense                  Defense                  Time % Phy DF OF 
 1 Brett Pesce              Ryan Lindgren            60     1   3  1  
 2 MacKenzie Weegar         Justin Holl              40     1   3  1  

Penalty Kill - 3 Players Forward 
   Forward                                           Time % Phy DF OF 
 1 Elias Lindholm                                    60     1   4  0  
 2 Chandler Stephenson                               40     1   4  0  

Penalty Kill - 3 Players Defense
   Defense                  Defense                  Time % Phy DF OF 
 1 Brett Pesce              Ryan Lindgren            60     1   4  0  
 2 MacKenzie Weegar         Justin Holl              40     1   4  0  

4 vs 4 Forward 
   Center                   Wing                     Time % Phy DF OF 
 1 Elias Lindholm           Nathan MacKinnon         60     1   2  2  
 2 Chandler Stephenson      Brayden Point            40     1   2  2  

4 vs 4 Defense
   Defense                  Defense                  Time % Phy DF OF 
 1 MacKenzie Weegar         Brett Pesce              60     1   2  2  
 2 Mark Giordano            Seth Jones               40     1   2  2  

Last Minutes Offensive
   Center                   Left Wing                Right Wing               Defense                  Defense                  
   Elias Lindholm           Brayden Point            Nathan MacKinnon         Seth Jones               MacKenzie Weegar         

Last Minutes Defensive
   Center                   Left Wing                Right Wing               Defense                  Defense                  
   Elias Lindholm           Chandler Stephenson      David Kampf              Ryan Lindgren            Brett Pesce              

Goaltenders
Starting : Philipp Grubauer         
Backup : Brian Elliott            

Extra Forwards
Normal : Jeff Carter, Nick Paul, Joel Farabee - PP : Jeff Carter, Nick Paul - PK : Jeff Carter
Extra Defensemen
Normal : Brett Pesce, Justin Holl, Ryan Lindgren - PP : Brett Pesce - PK : Brett Pesce, Justin Holl
Penalty Shots
Nathan MacKinnon, Brayden Point, Elias Lindholm, Chandler Stephenson, Nick Paul

Scratches
None


% Time on Ice - SAN JOSE Sharks

Lines # - Real PCT - Wanted PCT - Time Play
Normal Forward
1 - 36% - 40% - 13:02
2 - 32% - 30% - 11:31
3 - 22% - 20% - 7:51
4 - 11% - 10% - 4:02
Normal Defense
1 - 43% - 40% - 15:33
2 - 28% - 30% - 10:21
3 - 27% - 20% - 9:59
4 - 2% - 10% - 0:33
PP Forward
1 - 51% - 60% - 6:19
2 - 49% - 40% - 6:03
PP Defense
1 - 49% - 60% - 6:02
2 - 51% - 40% - 6:20
PK Forward
1 - 83% - 60% - 6:00
2 - 17% - 40% - 1:14
PK Defense
1 - 55% - 60% - 3:59
2 - 45% - 40% - 3:15
PK3 Forward
1 - 79% - 60% - 1:25
2 - 21% - 40% - 0:23
PK3 Defense
1 - 53% - 60% - 0:57
2 - 47% - 40% - 0:51
44 Forward
1 - 74% - 60% - 1:36
2 - 26% - 40% - 0:34
44 Defense
1 - 35% - 60% - 0:45
2 - 65% - 40% - 1:25
Last Minute Offensive  - 0:00
Last Minute Defensive  - 0:00
Total
Forward - 60:00
Defense - 60:00

% Time on Ice - ANAHEIM Ducks

Lines # - Real PCT - Wanted PCT - Time Play
Normal Forward
1 - 29% - 35% - 10:40
2 - 37% - 35% - 13:20
3 - 20% - 20% - 7:23
4 - 14% - 10% - 5:03
Normal Defense
1 - 35% - 40% - 12:45
2 - 35% - 35% - 12:54
3 - 30% - 20% - 10:47
4 - 0% - 5% - 0:00
PP Forward
1 - 62% - 60% - 4:27
2 - 38% - 40% - 2:47
PP Defense
1 - 66% - 60% - 4:47
2 - 34% - 40% - 2:27
PK Forward
1 - 66% - 60% - 8:13
2 - 34% - 40% - 4:09
PK Defense
1 - 59% - 60% - 7:20
2 - 41% - 40% - 5:02
PK3 Forward
1 - 0% - 60%
2 - 0% - 40%
PK3 Defense
1 - 0% - 60%
2 - 0% - 40%
44 Forward
1 - 87% - 60% - 3:27
2 - 13% - 40% - 0:31
44 Defense
1 - 57% - 60% - 2:16
2 - 43% - 40% - 1:42
Last Minute Offensive  - 0:00
Last Minute Defensive  - 0:00
Total
Forward - 60:00
Defense - 60:00

Play-by-Play

1st period


0:01 of 1st period - Elias Lindholm wins face-off versus John Tavares in neutral zone.
0:01 of 1st period - Chandler Stephenson is hit by Joe Pavelski and loses puck.
0:05 of 1st period - Brett Pesce is hit by John Tavares and loses puck.
0:06 of 1st period - Minor Penalty to John Tavares for Roughing.
0:07 of 1st period - Sam Bennett wins face-off versus Elias Lindholm in SAN JOSE Sharks zone.
0:07 of 1st period - Cody Ceci is hit by Elias Lindholm and loses puck.
0:32 of 1st period - Shot by Seth Jones.
0:32 of 1st period - Shot Blocked by Jack Johnson.
0:59 of 1st period - MacKenzie Weegar is hit by Nick Cousins and loses puck.
2:48 of 1st period - Icing by Ryan Lindgren.
2:49 of 1st period - Sam Bennett wins face-off versus David Kampf in ANAHEIM Ducks zone.
3:05 of 1st period - Shot by Sam Bennett.
3:05 of 1st period - Shot Misses the Net.
3:07 of 1st period - Shot by Evander Kane.
3:07 of 1st period - Shot Misses the Net.
3:11 of 1st period - Shot by Evander Kane.
3:11 of 1st period - Stopped by Philipp Grubauer without a rebound.
3:12 of 1st period - John Tavares wins face-off versus Elias Lindholm in ANAHEIM Ducks zone.
3:22 of 1st period - Brett Pesce is hit by Brayden McNabb and loses puck.
3:42 of 1st period - John Tavares is hit by Elias Lindholm and loses puck.
3:47 of 1st period - Shot by Nathan MacKinnon.
3:47 of 1st period - Shot Misses the Net.
3:51 of 1st period - Shot by Chandler Stephenson.
3:51 of 1st period - Stopped by Ville Husso without a rebound.
3:52 of 1st period - Sam Bennett wins face-off versus Jeff Carter in SAN JOSE Sharks zone.
5:31 of 1st period - Shot by Brett Pesce.
5:31 of 1st period - Shot Blocked by Oliver Kylington.
6:23 of 1st period - Minor Penalty to John Tavares for Slashing.
6:24 of 1st period - Chandler Stephenson wins face-off versus Kyle Connor in SAN JOSE Sharks zone.
6:25 of 1st period - Shot by Nick Paul.
6:25 of 1st period - Goal by Nick Paul - SAN JOSE Sharks : 0 - ANAHEIM Ducks : 1.
6:26 of 1st period - Jeff Carter wins face-off versus Sam Bennett in neutral zone.
6:45 of 1st period - Shot by Evander Kane.
6:45 of 1st period - Shot Blocked by Mark Giordano.
6:47 of 1st period - Shot by Andrew Mangiapane.
6:47 of 1st period - Shot Misses the Net.
6:49 of 1st period - Shot by Andrew Mangiapane.
6:49 of 1st period - Stopped by Philipp Grubauer without a rebound.
6:50 of 1st period - David Kampf wins face-off versus John Tavares in ANAHEIM Ducks zone.
6:58 of 1st period - Joe Pavelski is hit by MacKenzie Weegar and loses puck.
7:05 of 1st period - Shot by John Tavares.
7:05 of 1st period - Stopped by Philipp Grubauer without a rebound.
7:06 of 1st period - Evander Kane wins face-off versus Jeff Carter in ANAHEIM Ducks zone.
7:22 of 1st period - Shot by Brayden Point.
7:22 of 1st period - Stopped by Ville Husso without a rebound.
7:23 of 1st period - Joe Pavelski wins face-off versus Elias Lindholm in SAN JOSE Sharks zone.
7:46 of 1st period - Brayden McNabb is hit by Chandler Stephenson and loses puck.
7:57 of 1st period - Minor Penalty to Brett Pesce for Tripping.
7:58 of 1st period - Sam Bennett wins face-off versus Elias Lindholm in ANAHEIM Ducks zone.
8:05 of 1st period - Shot by Jack Johnson.
8:05 of 1st period - Stopped by Philipp Grubauer without a rebound.
8:06 of 1st period - Sam Bennett wins face-off versus Elias Lindholm in ANAHEIM Ducks zone.
8:19 of 1st period - Shot by Andrew Mangiapane.
8:19 of 1st period - Stopped by Philipp Grubauer without a rebound.
8:20 of 1st period - John Tavares wins face-off versus Elias Lindholm in ANAHEIM Ducks zone.
8:46 of 1st period - Off-side.
8:47 of 1st period - Elias Lindholm wins face-off versus Sam Bennett in neutral zone.
8:47 of 1st period - Elias Lindholm is hit by Andrew Mangiapane.
9:50 of 1st period - Shot by John Tavares.
9:50 of 1st period - Stopped by Philipp Grubauer without a rebound.
9:51 of 1st period - John Tavares wins face-off versus Elias Lindholm in ANAHEIM Ducks zone.
10:00 of 1st period - Shot by Matt Nieto.
10:00 of 1st period - Shot Misses the Net.
10:06 of 1st period - Shot by Matt Nieto.
10:06 of 1st period - Shot Blocked by Nick Paul.
10:08 of 1st period - Shot by Cam Atkinson.
10:08 of 1st period - Stopped by Philipp Grubauer without a rebound.
10:09 of 1st period - Nic Dowd wins face-off versus Kyle Connor in ANAHEIM Ducks zone.
10:09 of 1st period - Nic Dowd is hit by John Tavares.
10:24 of 1st period - Minor Penalty to John Tavares for Holding.
10:25 of 1st period - Elias Lindholm wins face-off versus Kyle Connor in SAN JOSE Sharks zone.
10:28 of 1st period - Shot by Brayden Point.
10:28 of 1st period - Shot Misses the Net.
11:28 of 1st period - Shot by Brett Pesce.
11:28 of 1st period - Goal by Brett Pesce - SAN JOSE Sharks : 0 - ANAHEIM Ducks : 2.
11:29 of 1st period - David Kampf wins face-off versus Brett Howden in neutral zone.
11:29 of 1st period - David Kampf is hit by Austin Watson.
11:34 of 1st period - Shot by Joel Farabee.
11:34 of 1st period - Shot Misses the Net.
11:38 of 1st period - Shot by David Kampf.
11:38 of 1st period - Stopped by Ville Husso without a rebound.
11:39 of 1st period - Nic Dowd wins face-off versus Sam Bennett in SAN JOSE Sharks zone.
11:46 of 1st period - Nic Dowd is hit by Evander Kane and loses puck.
11:48 of 1st period - Minor Penalty to Ryan Lindgren for Hooking.
11:49 of 1st period - Elias Lindholm wins face-off versus Evander Kane in ANAHEIM Ducks zone.
12:02 of 1st period - Shot by Brayden McNabb.
12:02 of 1st period - Shot Misses the Net.
12:04 of 1st period - Shot by Brayden McNabb.
12:04 of 1st period - Stopped by Philipp Grubauer without a rebound.
12:05 of 1st period - John Tavares wins face-off versus Elias Lindholm in ANAHEIM Ducks zone.
12:05 of 1st period - John Tavares is hit by Justin Holl.
12:13 of 1st period - Shot by John Tavares.
12:13 of 1st period - Stopped by Philipp Grubauer without a rebound.
12:14 of 1st period - John Tavares wins face-off versus Elias Lindholm in ANAHEIM Ducks zone.
13:51 of 1st period - Icing by Matt Nieto.
13:52 of 1st period - Jeff Carter wins face-off versus Nick Cousins in SAN JOSE Sharks zone.
13:53 of 1st period - Shot by Brayden Point.
13:53 of 1st period - Stopped by Ville Husso without a rebound.
13:54 of 1st period - Jeff Carter wins face-off versus Nick Cousins in SAN JOSE Sharks zone.
14:08 of 1st period - Icing by Cody Ceci.
14:09 of 1st period - Nick Cousins wins face-off versus Nic Dowd in SAN JOSE Sharks zone.
14:20 of 1st period - Justin Holl is hit by Matt Nieto and loses puck.
14:30 of 1st period - Icing by Nic Dowd.
14:31 of 1st period - Nic Dowd wins face-off versus Kyle Connor in ANAHEIM Ducks zone.
14:31 of 1st period - Nic Dowd is hit by John Tavares.
14:36 of 1st period - Derick Brassard is hit by Jack Johnson and loses puck.
15:29 of 1st period - Shot by Nathan MacKinnon.
15:29 of 1st period - Shot Misses the Net.
15:31 of 1st period - Shot by MacKenzie Weegar.
15:31 of 1st period - Shot Blocked by Cody Ceci.
15:33 of 1st period - Shot by Chandler Stephenson.
15:33 of 1st period - Shot Misses the Net.
15:35 of 1st period - Shot by Brett Pesce.
15:35 of 1st period - Shot Hit the Post.
15:51 of 1st period - Shot by Elias Lindholm.
15:51 of 1st period - Stopped by Ville Husso without a rebound.
15:52 of 1st period - Jeff Carter wins face-off versus Nick Cousins in SAN JOSE Sharks zone.
15:54 of 1st period - Brayden Point is hit by Oliver Kylington and loses puck.
16:24 of 1st period - Shot by Jeff Carter.
16:24 of 1st period - Deflect By Brayden Point.
16:24 of 1st period - Stopped by Ville Husso without a rebound.
16:25 of 1st period - John Tavares wins face-off versus Joel Farabee in SAN JOSE Sharks zone.
16:38 of 1st period - Shot by John Tavares.
16:38 of 1st period - Stopped by Philipp Grubauer without a rebound.
16:39 of 1st period - Sam Bennett wins face-off versus Elias Lindholm in ANAHEIM Ducks zone.
17:09 of 1st period - Shot by Andrew Mangiapane.
17:09 of 1st period - Shot Misses the Net.
17:12 of 1st period - Icing by MacKenzie Weegar.
17:13 of 1st period - Elias Lindholm wins face-off versus John Tavares in ANAHEIM Ducks zone.
17:20 of 1st period - Shot by Nathan MacKinnon.
17:20 of 1st period - Shot Misses the Net.
18:08 of 1st period - Icing by Cody Ceci.
18:09 of 1st period - John Tavares wins face-off versus Jeff Carter in SAN JOSE Sharks zone.
18:33 of 1st period - Jack Johnson is hit by Brayden Point and loses puck.
18:42 of 1st period - Shot by Jeff Carter.
18:42 of 1st period - Stopped by Ville Husso without a rebound.
18:43 of 1st period - Nick Cousins wins face-off versus David Kampf in SAN JOSE Sharks zone.
18:43 of 1st period - Nick Cousins is hit by David Kampf.
18:58 of 1st period - Justin Holl is hit by Oliver Kylington and loses puck.
19:26 of 1st period - Shot by Warren Foegele.
19:26 of 1st period - Stopped by Ville Husso without a rebound.
19:27 of 1st period - Sam Bennett wins face-off versus Jeff Carter in SAN JOSE Sharks zone.
Goals for this period are 0 for SAN JOSE Sharks vs 2 for ANAHEIM Ducks.
Shots for this period are 10 for SAN JOSE Sharks vs 10 for ANAHEIM Ducks.

2nd period


0:01 of 2nd period - John Tavares wins face-off versus Jeff Carter in neutral zone.
0:17 of 2nd period - Icing by Brayden Point.
0:18 of 2nd period - Sam Bennett wins face-off versus Jeff Carter in ANAHEIM Ducks zone.
0:18 of 2nd period - Jack Johnson is hit by MacKenzie Weegar and loses puck.
0:46 of 2nd period - Shot by Nick Paul.
0:46 of 2nd period - Deflect By Brayden Point.
0:46 of 2nd period - Stopped by Ville Husso without a rebound.
0:47 of 2nd period - Elias Lindholm wins face-off versus John Tavares in SAN JOSE Sharks zone.
0:55 of 2nd period - Kyle Connor is hit by Seth Jones and loses puck.
1:02 of 2nd period - Shot by Joe Pavelski.
1:02 of 2nd period - Shot Blocked by Mark Giordano.
1:13 of 2nd period - Minor Penalty to Seth Jones for High sticking.
1:14 of 2nd period - Elias Lindholm wins face-off versus Sam Bennett in ANAHEIM Ducks zone.
1:14 of 2nd period - Ryan Lindgren is hit by Sam Bennett and loses puck.
1:20 of 2nd period - Sam Bennett is hit by Brett Pesce and loses puck.
1:47 of 2nd period - Shot by Nic Dowd.
1:47 of 2nd period - Stopped by Ville Husso without a rebound.
1:48 of 2nd period - John Tavares wins face-off versus Elias Lindholm in SAN JOSE Sharks zone.
1:56 of 2nd period - Off-side.
1:57 of 2nd period - John Tavares wins face-off versus Elias Lindholm in neutral zone.
2:09 of 2nd period - Joe Pavelski is hit by Brett Pesce and loses puck.
2:18 of 2nd period - Shot by John Tavares.
2:18 of 2nd period - Shot Blocked by Elias Lindholm.
2:20 of 2nd period - Shot by Kyle Connor.
2:20 of 2nd period - Stopped by Philipp Grubauer without a rebound.
2:21 of 2nd period - Sam Bennett wins face-off versus Chandler Stephenson in ANAHEIM Ducks zone.
2:21 of 2nd period - John Klingberg is hit by Justin Holl and loses puck.
2:40 of 2nd period - Shot by Jack Johnson.
2:40 of 2nd period - Stopped by Philipp Grubauer with a rebound.
2:42 of 2nd period - Shot by John Klingberg.
2:42 of 2nd period - Shot Misses the Net.
2:44 of 2nd period - Shot by Jack Johnson.
2:44 of 2nd period - Shot Blocked by Chandler Stephenson.
2:46 of 2nd period - Shot by John Klingberg.
2:46 of 2nd period - Shot Blocked by MacKenzie Weegar.
2:48 of 2nd period - Shot by Andrew Mangiapane.
2:48 of 2nd period - Goal by Andrew Mangiapane - SAN JOSE Sharks : 1 - ANAHEIM Ducks : 2.
2:49 of 2nd period - Jeff Carter wins face-off versus John Tavares in neutral zone.
2:49 of 2nd period - Mark Giordano is hit by John Tavares and loses puck.
2:54 of 2nd period - Shot by Kyle Connor.
2:54 of 2nd period - Stopped by Philipp Grubauer with a rebound.
2:56 of 2nd period - Shot by Joe Pavelski.
2:56 of 2nd period - Shot Misses the Net.
2:58 of 2nd period - Shot by John Tavares.
2:58 of 2nd period - Goal by John Tavares - SAN JOSE Sharks : 2 - ANAHEIM Ducks : 2.
2:59 of 2nd period - David Kampf wins face-off versus John Tavares in neutral zone.
2:59 of 2nd period - Seth Jones is hit by Kyle Connor and loses puck.
3:28 of 2nd period - Shot by John Tavares.
3:28 of 2nd period - Shot Misses the Net.
4:23 of 2nd period - Shot by Brett Pesce.
4:23 of 2nd period - Stopped by Ville Husso with a rebound.
4:25 of 2nd period - Shot by Nathan MacKinnon.
4:25 of 2nd period - Stopped by Ville Husso without a rebound.
4:26 of 2nd period - Brett Howden wins face-off versus Jeff Carter in SAN JOSE Sharks zone.
4:26 of 2nd period - Brett Howden is hit by Jeff Carter.
4:38 of 2nd period - Nick Paul is hit by Oliver Kylington and loses puck.
4:42 of 2nd period - Minor Penalty to Troy Stecher for Interference.
4:43 of 2nd period - John Tavares wins face-off versus Elias Lindholm in SAN JOSE Sharks zone.
4:49 of 2nd period - Icing by Elias Lindholm.
4:50 of 2nd period - John Tavares wins face-off versus Elias Lindholm in ANAHEIM Ducks zone.
5:03 of 2nd period - Shot by Kyle Connor.
5:03 of 2nd period - Stopped by Philipp Grubauer without a rebound.
5:04 of 2nd period - John Tavares wins face-off versus Chandler Stephenson in ANAHEIM Ducks zone.
5:29 of 2nd period - Shot by Mark Giordano.
5:29 of 2nd period - Shot Blocked by Cody Ceci.
5:45 of 2nd period - Shot by Brett Pesce.
5:45 of 2nd period - Stopped by Ville Husso without a rebound.
5:46 of 2nd period - John Tavares wins face-off versus Elias Lindholm in SAN JOSE Sharks zone.
5:52 of 2nd period - Icing by MacKenzie Weegar.
5:53 of 2nd period - John Tavares wins face-off versus Elias Lindholm in ANAHEIM Ducks zone.
6:28 of 2nd period - Shot by Seth Jones.
6:28 of 2nd period - Stopped by Ville Husso without a rebound.
6:29 of 2nd period - Chandler Stephenson wins face-off versus John Tavares in SAN JOSE Sharks zone.
6:48 of 2nd period - Joel Farabee is hit by Evander Kane and loses puck.
7:01 of 2nd period - Shot by Evander Kane.
7:01 of 2nd period - Stopped by Philipp Grubauer without a rebound.
7:02 of 2nd period - Nick Cousins wins face-off versus Elias Lindholm in ANAHEIM Ducks zone.
7:45 of 2nd period - Icing by Cody Ceci.
7:46 of 2nd period - Nick Cousins wins face-off versus Jeff Carter in SAN JOSE Sharks zone.
7:46 of 2nd period - Nick Cousins is hit by Jeff Carter.
8:07 of 2nd period - Kyle Connor is hit by Seth Jones.
8:45 of 2nd period - Icing by Mark Giordano.
8:46 of 2nd period - Jeff Carter wins face-off versus Andrew Mangiapane in ANAHEIM Ducks zone.
9:15 of 2nd period - Shot by Evander Kane.
9:15 of 2nd period - Shot Hit the Post.
9:17 of 2nd period - Shot by Sam Bennett.
9:17 of 2nd period - Stopped by Philipp Grubauer without a rebound.
9:18 of 2nd period - David Kampf wins face-off versus Austin Watson in ANAHEIM Ducks zone.
9:35 of 2nd period - Shot by Warren Foegele.
9:35 of 2nd period - Shot Misses the Net.
9:38 of 2nd period - Icing by Cody Ceci.
9:39 of 2nd period - Brett Howden wins face-off versus Elias Lindholm in SAN JOSE Sharks zone.
9:53 of 2nd period - Icing by Chandler Stephenson.
9:54 of 2nd period - Elias Lindholm wins face-off versus Joe Pavelski in ANAHEIM Ducks zone.
10:07 of 2nd period - Shot by Chandler Stephenson.
10:07 of 2nd period - Stopped by Ville Husso without a rebound.
10:08 of 2nd period - Sam Bennett wins face-off versus Jeff Carter in SAN JOSE Sharks zone.
10:24 of 2nd period - Shot by Brayden Point.
10:24 of 2nd period - Deflect By Jeff Carter.
10:24 of 2nd period - Shot Misses the Net.
10:32 of 2nd period - Shot by Jeff Carter.
10:32 of 2nd period - Shot Misses the Net.
10:43 of 2nd period - Brayden Point is hit by Cody Ceci and loses puck.
11:17 of 2nd period - Nathan MacKinnon is hit by Jack Johnson and loses puck.
11:40 of 2nd period - Shot by Chandler Stephenson.
11:40 of 2nd period - Shot Blocked by Kyle Connor.
11:49 of 2nd period - Icing by Joe Pavelski.
11:50 of 2nd period - John Tavares wins face-off versus David Kampf in SAN JOSE Sharks zone.
11:50 of 2nd period - Joe Pavelski is hit by Warren Foegele and loses puck.
11:52 of 2nd period - Minor Penalty to Joel Farabee for Hooking.
11:53 of 2nd period - Elias Lindholm wins face-off versus Sam Bennett in ANAHEIM Ducks zone.
12:19 of 2nd period - Andrew Mangiapane is hit by Ryan Lindgren and loses puck.
12:22 of 2nd period - Shot by Evander Kane.
12:22 of 2nd period - Shot Misses the Net.
12:44 of 2nd period - Shot by Kyle Connor.
12:44 of 2nd period - Goal by Kyle Connor - SAN JOSE Sharks : 3 - ANAHEIM Ducks : 2.
12:45 of 2nd period - Jeff Carter wins face-off versus Nick Cousins in neutral zone.
13:05 of 2nd period - Troy Stecher is hit by Nick Paul and loses puck.
13:21 of 2nd period - Icing by Troy Stecher.
13:22 of 2nd period - Nick Cousins wins face-off versus Elias Lindholm in SAN JOSE Sharks zone.
13:22 of 2nd period - Nick Cousins is hit by Elias Lindholm.
14:07 of 2nd period - Off-side.
14:08 of 2nd period - Jeff Carter wins face-off versus John Tavares in neutral zone.
14:38 of 2nd period - Minor Penalty to Cody Ceci for Tripping.
14:39 of 2nd period - John Tavares wins face-off versus Brayden Point in SAN JOSE Sharks zone.
14:49 of 2nd period - Minor Penalty to Nathan MacKinnon for Tripping.
14:49 of 2nd period - Minor Penalty to John Klingberg for Slashing.
14:50 of 2nd period - John Tavares wins face-off versus Elias Lindholm in SAN JOSE Sharks zone.
14:50 of 2nd period - Jack Johnson is hit by Jeff Carter and loses puck.
15:28 of 2nd period - Shot by Elias Lindholm.
15:28 of 2nd period - Shot Blocked by Jack Johnson.
15:59 of 2nd period - Shot by Joel Farabee.
15:59 of 2nd period - Shot Misses the Net.
17:06 of 2nd period - Off-side.
17:07 of 2nd period - Sam Bennett wins face-off versus Jeff Carter in neutral zone.
17:09 of 2nd period - Andrew Mangiapane is hit by Nick Paul and loses puck.
17:26 of 2nd period - Shot by Ryan Lindgren.
17:26 of 2nd period - Shot Blocked by Evander Kane.
17:28 of 2nd period - Shot by Nick Paul.
17:28 of 2nd period - Shot Misses the Net.
17:30 of 2nd period - Shot by Nick Paul.
17:30 of 2nd period - Shot Blocked by Andrew Mangiapane.
19:15 of 2nd period - Shot by Nathan MacKinnon.
19:15 of 2nd period - Stopped by Ville Husso without a rebound.
19:16 of 2nd period - Nick Cousins wins face-off versus David Kampf in SAN JOSE Sharks zone.
19:16 of 2nd period - Nick Cousins is hit by Warren Foegele.
19:17 of 2nd period - Minor Penalty to Warren Foegele for Holding.
19:18 of 2nd period - John Tavares wins face-off versus Elias Lindholm in ANAHEIM Ducks zone.
19:39 of 2nd period - Icing by John Klingberg.
19:40 of 2nd period - Elias Lindholm wins face-off versus Joe Pavelski in SAN JOSE Sharks zone.
19:56 of 2nd period - Shot by MacKenzie Weegar.
19:56 of 2nd period - Stopped by Ville Husso without a rebound.
19:57 of 2nd period - Sam Bennett wins face-off versus Chandler Stephenson in SAN JOSE Sharks zone.
Goals for this period are 3 for SAN JOSE Sharks vs 0 for ANAHEIM Ducks.
Shots for this period are 9 for SAN JOSE Sharks vs 9 for ANAHEIM Ducks.

3rd period


0:01 of 3rd period - Elias Lindholm wins face-off versus Kyle Connor in neutral zone.
0:10 of 3rd period - Shot by Kyle Connor.
0:10 of 3rd period - Shot Misses the Net.
0:30 of 3rd period - Shot by Kyle Connor.
0:30 of 3rd period - Stopped by Philipp Grubauer with a rebound.
0:32 of 3rd period - Shot by Joe Pavelski.
0:32 of 3rd period - Shot Misses the Net.
0:34 of 3rd period - Shot by Cody Ceci.
0:34 of 3rd period - Shot Blocked by MacKenzie Weegar.
0:36 of 3rd period - Shot by Cody Ceci.
0:36 of 3rd period - Stopped by Philipp Grubauer without a rebound.
0:37 of 3rd period - Chandler Stephenson wins face-off versus Sam Bennett in ANAHEIM Ducks zone.
1:16 of 3rd period - Shot by Andrew Mangiapane.
1:16 of 3rd period - Shot Misses the Net.
1:18 of 3rd period - Shot by Troy Stecher.
1:18 of 3rd period - Shot Misses the Net.
1:20 of 3rd period - Shot by Troy Stecher.
1:20 of 3rd period - Stopped by Philipp Grubauer without a rebound.
1:21 of 3rd period - Jeff Carter wins face-off versus Joe Pavelski in ANAHEIM Ducks zone.
1:21 of 3rd period - Jeff Carter is hit by John Tavares.
1:39 of 3rd period - Shot by Kyle Connor.
1:39 of 3rd period - Stopped by Philipp Grubauer without a rebound.
1:40 of 3rd period - Nick Cousins wins face-off versus Nic Dowd in ANAHEIM Ducks zone.
1:40 of 3rd period - Troy Stecher is hit by MacKenzie Weegar and loses puck.
1:58 of 3rd period - Matt Nieto is hit by MacKenzie Weegar and loses puck.
2:03 of 3rd period - Shot by Matt Nieto.
2:03 of 3rd period - Shot Misses the Net.
2:14 of 3rd period - Cam Atkinson is hit by MacKenzie Weegar and loses puck.
2:46 of 3rd period - Shot by Elias Lindholm.
2:46 of 3rd period - Goal by Elias Lindholm - SAN JOSE Sharks : 3 - ANAHEIM Ducks : 3.
2:47 of 3rd period - Sam Bennett wins face-off versus Jeff Carter in neutral zone.
2:54 of 3rd period - Brayden McNabb is hit by Nick Paul and loses puck.
2:58 of 3rd period - Cody Ceci is hit by Jeff Carter and loses puck.
3:02 of 3rd period - Cody Ceci is hit by Justin Holl and loses puck.
3:29 of 3rd period - Andrew Mangiapane is hit by Ryan Lindgren.
3:48 of 3rd period - Shot by John Tavares.
3:48 of 3rd period - Shot Misses the Net.
3:50 of 3rd period - Shot by Joe Pavelski.
3:50 of 3rd period - Shot Misses the Net.
3:52 of 3rd period - Shot by Joe Pavelski.
3:52 of 3rd period - Stopped by Philipp Grubauer with a rebound.
4:41 of 3rd period - Matt Nieto is hit by Justin Holl and loses puck.
4:44 of 3rd period - Shot by Matt Nieto.
4:44 of 3rd period - Shot Blocked by Brayden Point.
4:46 of 3rd period - Shot by Cam Atkinson.
4:46 of 3rd period - Stopped by Philipp Grubauer without a rebound.
4:47 of 3rd period - Elias Lindholm wins face-off versus Brett Howden in ANAHEIM Ducks zone.
5:12 of 3rd period - Shot by Elias Lindholm.
5:12 of 3rd period - Stopped by Ville Husso without a rebound.
5:13 of 3rd period - Sam Bennett wins face-off versus David Kampf in SAN JOSE Sharks zone.
5:13 of 3rd period - Andrew Mangiapane is hit by Warren Foegele and loses puck.
5:25 of 3rd period - Seth Jones is hit by Sam Bennett and loses puck.
5:36 of 3rd period - Shot by Evander Kane.
5:36 of 3rd period - Stopped by Philipp Grubauer with a rebound.
5:38 of 3rd period - Shot by Sam Bennett.
5:38 of 3rd period - Deflect By Evander Kane.
5:38 of 3rd period - Stopped by Philipp Grubauer with a rebound.
5:40 of 3rd period - Shot by Troy Stecher.
5:40 of 3rd period - Shot Misses the Net.
5:42 of 3rd period - Shot by Sam Bennett.
5:42 of 3rd period - Shot Blocked by Mark Giordano.
5:49 of 3rd period - Minor Penalty to Mark Giordano for Tripping.
5:50 of 3rd period - John Tavares wins face-off versus Elias Lindholm in ANAHEIM Ducks zone.
6:01 of 3rd period - Shot by Brayden McNabb.
6:01 of 3rd period - Stopped by Philipp Grubauer without a rebound.
6:02 of 3rd period - John Tavares wins face-off versus Elias Lindholm in ANAHEIM Ducks zone.
6:05 of 3rd period - Shot by Joe Pavelski.
6:05 of 3rd period - Shot Blocked by Elias Lindholm.
6:23 of 3rd period - Shot by Chandler Stephenson.
6:23 of 3rd period - Stopped by Ville Husso without a rebound.
6:24 of 3rd period - Elias Lindholm wins face-off versus Sam Bennett in SAN JOSE Sharks zone.
6:47 of 3rd period - Shot by Elias Lindholm.
6:47 of 3rd period - Stopped by Ville Husso without a rebound.
6:48 of 3rd period - John Tavares wins face-off versus Chandler Stephenson in SAN JOSE Sharks zone.
6:55 of 3rd period - Shot by Joe Pavelski.
6:55 of 3rd period - Shot Hit the Post.
7:25 of 3rd period - Shot by Kyle Connor.
7:25 of 3rd period - Shot Blocked by Chandler Stephenson.
7:27 of 3rd period - Shot by Brayden McNabb.
7:27 of 3rd period - Shot Misses the Net.
7:29 of 3rd period - Shot by Brayden McNabb.
7:29 of 3rd period - Stopped by Philipp Grubauer without a rebound.
7:30 of 3rd period - Sam Bennett wins face-off versus Elias Lindholm in ANAHEIM Ducks zone.
7:33 of 3rd period - Shot by Andrew Mangiapane.
7:33 of 3rd period - Stopped by Philipp Grubauer without a rebound.
7:34 of 3rd period - Elias Lindholm wins face-off versus Sam Bennett in ANAHEIM Ducks zone.
7:59 of 3rd period - Shot by Matt Nieto.
7:59 of 3rd period - Stopped by Philipp Grubauer with a rebound.
8:01 of 3rd period - Shot by Oliver Kylington.
8:01 of 3rd period - Stopped by Philipp Grubauer without a rebound.
8:02 of 3rd period - John Tavares wins face-off versus Elias Lindholm in ANAHEIM Ducks zone.
8:02 of 3rd period - Kyle Connor is hit by MacKenzie Weegar and loses puck.
8:07 of 3rd period - Shot by John Tavares.
8:07 of 3rd period - Stopped by Philipp Grubauer without a rebound.
8:08 of 3rd period - John Tavares wins face-off versus Elias Lindholm in ANAHEIM Ducks zone.
8:09 of 3rd period - Shot by Kyle Connor.
8:09 of 3rd period - Stopped by Philipp Grubauer without a rebound.
8:10 of 3rd period - John Tavares wins face-off versus Elias Lindholm in ANAHEIM Ducks zone.
8:14 of 3rd period - Kyle Connor is hit by MacKenzie Weegar.
8:22 of 3rd period - Shot by Kyle Connor.
8:22 of 3rd period - Stopped by Philipp Grubauer without a rebound.
8:23 of 3rd period - Jeff Carter wins face-off versus Sam Bennett in ANAHEIM Ducks zone.
8:31 of 3rd period - Andrew Mangiapane is hit by Mark Giordano.
8:53 of 3rd period - Shot by Andrew Mangiapane.
8:53 of 3rd period - Shot Misses the Net.
8:55 of 3rd period - Shot by Sam Bennett.
8:55 of 3rd period - Stopped by Philipp Grubauer without a rebound.
8:56 of 3rd period - John Tavares wins face-off versus Elias Lindholm in ANAHEIM Ducks zone.
9:08 of 3rd period - Minor Penalty to Kyle Connor for Slashing.
9:09 of 3rd period - Elias Lindholm wins face-off versus John Tavares in SAN JOSE Sharks zone.
9:17 of 3rd period - Shot by MacKenzie Weegar.
9:17 of 3rd period - Shot Misses the Net.
9:19 of 3rd period - Shot by Nathan MacKinnon.
9:19 of 3rd period - Shot Misses the Net.
9:21 of 3rd period - Shot by MacKenzie Weegar.
9:21 of 3rd period - Stopped by Ville Husso without a rebound.
9:22 of 3rd period - Chandler Stephenson wins face-off versus John Tavares in SAN JOSE Sharks zone.
9:23 of 3rd period - Shot by Nick Paul.
9:23 of 3rd period - Stopped by Ville Husso without a rebound.
9:24 of 3rd period - Elias Lindholm wins face-off versus John Tavares in SAN JOSE Sharks zone.
9:41 of 3rd period - Shot by Brayden Point.
9:41 of 3rd period - Stopped by Ville Husso with a rebound.
9:53 of 3rd period - Shot by Nathan MacKinnon.
9:53 of 3rd period - Deflect By Elias Lindholm.
9:53 of 3rd period - Shot Misses the Net.
10:20 of 3rd period - Off-side.
10:21 of 3rd period - Chandler Stephenson wins face-off versus John Tavares in neutral zone.
10:24 of 3rd period - Shot by Brett Pesce.
10:24 of 3rd period - Shot Blocked by Cody Ceci.
10:26 of 3rd period - Shot by Nick Paul.
10:26 of 3rd period - Shot Misses the Net.
10:49 of 3rd period - Shot by Jeff Carter.
10:49 of 3rd period - Stopped by Ville Husso without a rebound.
10:50 of 3rd period - John Tavares wins face-off versus Chandler Stephenson in SAN JOSE Sharks zone.
10:50 of 3rd period - Cody Ceci is hit by Jeff Carter and loses puck.
11:13 of 3rd period - Shot by David Kampf.
11:13 of 3rd period - Shot Misses the Net.
11:22 of 3rd period - Joel Farabee is hit by Troy Stecher and loses puck.
11:33 of 3rd period - Icing by Joel Farabee.
11:34 of 3rd period - Brett Howden wins face-off versus David Kampf in ANAHEIM Ducks zone.
12:29 of 3rd period - Evander Kane is hit by Warren Foegele.
12:44 of 3rd period - Andrew Mangiapane is hit by Ryan Lindgren and loses puck.
12:50 of 3rd period - Minor Penalty to Ryan Lindgren for Tripping.
12:51 of 3rd period - John Tavares wins face-off versus Nic Dowd in ANAHEIM Ducks zone.
12:54 of 3rd period - Shot by John Tavares.
12:54 of 3rd period - Stopped by Philipp Grubauer without a rebound.
12:55 of 3rd period - John Tavares wins face-off versus Chandler Stephenson in ANAHEIM Ducks zone.
13:10 of 3rd period - Shot by Brayden McNabb.
13:10 of 3rd period - Shot Misses the Net.
13:16 of 3rd period - Shot by Joe Pavelski.
13:16 of 3rd period - Shot Misses the Net.
13:18 of 3rd period - Shot by Kyle Connor.
13:18 of 3rd period - Deflect By John Tavares.
13:18 of 3rd period - Stopped by Philipp Grubauer without a rebound.
13:19 of 3rd period - Jeff Carter wins face-off versus Andrew Mangiapane in ANAHEIM Ducks zone.
13:19 of 3rd period - MacKenzie Weegar is hit by Evander Kane and loses puck.
13:26 of 3rd period - Shot by Andrew Mangiapane.
13:26 of 3rd period - Shot Blocked by MacKenzie Weegar.
13:34 of 3rd period - Andrew Mangiapane is hit by MacKenzie Weegar and loses puck.
13:47 of 3rd period - Shot by John Klingberg.
13:47 of 3rd period - Shot Misses the Net.
14:24 of 3rd period - Off-side.
14:25 of 3rd period - John Tavares wins face-off versus Chandler Stephenson in neutral zone.
15:09 of 3rd period - Shot by Matt Nieto.
15:09 of 3rd period - Stopped by Philipp Grubauer without a rebound.
15:10 of 3rd period - Nic Dowd wins face-off versus Brett Howden in ANAHEIM Ducks zone.
15:10 of 3rd period - Nic Dowd is hit by Austin Watson.
15:27 of 3rd period - Icing by Matias Maccelli.
15:28 of 3rd period - Brett Howden wins face-off versus Elias Lindholm in SAN JOSE Sharks zone.
15:28 of 3rd period - Brett Howden is hit by Nathan MacKinnon.
15:39 of 3rd period - Shot by Nathan MacKinnon.
15:39 of 3rd period - Stopped by Ville Husso without a rebound.
15:40 of 3rd period - John Tavares wins face-off versus Jeff Carter in SAN JOSE Sharks zone.
16:03 of 3rd period - Shot by Jeff Carter.
16:03 of 3rd period - Deflect By Brayden Point.
16:03 of 3rd period - Shot Misses the Net.
16:15 of 3rd period - Shot by Nick Paul.
16:15 of 3rd period - Stopped by Ville Husso with a rebound.
16:32 of 3rd period - Icing by Cody Ceci.
16:33 of 3rd period - Elias Lindholm wins face-off versus John Tavares in SAN JOSE Sharks zone.
16:56 of 3rd period - Off-side.
16:57 of 3rd period - Sam Bennett wins face-off versus David Kampf in neutral zone.
17:01 of 3rd period - John Klingberg is hit by Joel Farabee and loses puck.
17:13 of 3rd period - Minor Penalty to Justin Holl for Slashing.
17:13 of 3rd period - Minor Penalty to Evander Kane for Hooking.
17:14 of 3rd period - Elias Lindholm wins face-off versus John Tavares in ANAHEIM Ducks zone.
17:27 of 3rd period - Shot by Nathan MacKinnon.
17:27 of 3rd period - Stopped by Ville Husso without a rebound.
17:28 of 3rd period - John Tavares wins face-off versus Elias Lindholm in SAN JOSE Sharks zone.
17:28 of 3rd period - John Tavares is hit by Nathan MacKinnon.
17:40 of 3rd period - Shot by John Tavares.
17:40 of 3rd period - Stopped by Philipp Grubauer without a rebound.
17:41 of 3rd period - Sam Bennett wins face-off versus Elias Lindholm in ANAHEIM Ducks zone.
17:54 of 3rd period - Shot by Sam Bennett.
17:54 of 3rd period - Stopped by Philipp Grubauer with a rebound.
17:56 of 3rd period - Shot by Matt Nieto.
17:56 of 3rd period - Stopped by Philipp Grubauer with a rebound.
17:58 of 3rd period - Shot by Brayden McNabb.
17:58 of 3rd period - Stopped by Philipp Grubauer without a rebound.
17:59 of 3rd period - John Tavares wins face-off versus Elias Lindholm in ANAHEIM Ducks zone.
18:00 of 3rd period - Shot by Kyle Connor.
18:00 of 3rd period - Shot Misses the Net.
18:46 of 3rd period - Icing by Kyle Connor.
18:47 of 3rd period - John Tavares wins face-off versus Chandler Stephenson in SAN JOSE Sharks zone.
19:11 of 3rd period - Brayden McNabb is hit by Chandler Stephenson and loses puck.
19:26 of 3rd period - Shot by Joel Farabee.
19:26 of 3rd period - Stopped by Ville Husso without a rebound.
19:27 of 3rd period - Sam Bennett wins face-off versus Nic Dowd in SAN JOSE Sharks zone.
19:52 of 3rd period - Shot by Patrick Maroon.
19:52 of 3rd period - Shot Misses the Net.
Goals for this period are 0 for SAN JOSE Sharks vs 1 for ANAHEIM Ducks.
Shots for this period are 24 for SAN JOSE Sharks vs 12 for ANAHEIM Ducks.

Overtime #1


0:01 of 1st overtime period - Chandler Stephenson wins face-off versus Nick Cousins in neutral zone.
0:38 of 1st overtime period - Shot by Chandler Stephenson.
0:38 of 1st overtime period - Shot Misses the Net.
0:49 of 1st overtime period - Icing by Brayden Point.
0:50 of 1st overtime period - Chandler Stephenson wins face-off versus Nick Cousins in ANAHEIM Ducks zone.
1:24 of 1st overtime period - Shot by Derick Brassard.
1:24 of 1st overtime period - Shot Misses the Net.
1:26 of 1st overtime period - Shot by Elias Lindholm.
1:26 of 1st overtime period - Shot Misses the Net.
1:28 of 1st overtime period - Shot by Mark Giordano.
1:28 of 1st overtime period - Shot Misses the Net.
1:30 of 1st overtime period - Shot by Derick Brassard.
1:30 of 1st overtime period - Shot Misses the Net.
1:32 of 1st overtime period - Shot by Mark Giordano.
1:32 of 1st overtime period - Shot Blocked by Cody Ceci.
1:38 of 1st overtime period - Shot by Elias Lindholm.
1:38 of 1st overtime period - Stopped by Ville Husso with a rebound.
2:13 of 1st overtime period - Icing by John Klingberg.
2:14 of 1st overtime period - Chandler Stephenson wins face-off versus Sam Bennett in SAN JOSE Sharks zone.
2:22 of 1st overtime period - Icing by John Klingberg.
2:23 of 1st overtime period - Sam Bennett wins face-off versus Chandler Stephenson in SAN JOSE Sharks zone.
2:23 of 1st overtime period - Sam Bennett is hit by Brayden Point.
2:40 of 1st overtime period - Shot by Matt Nieto.
2:40 of 1st overtime period - Stopped by Philipp Grubauer with a rebound.
2:42 of 1st overtime period - Shot by Sam Bennett.
2:42 of 1st overtime period - Deflect By Matt Nieto.
2:42 of 1st overtime period - Stopped by Philipp Grubauer without a rebound.
2:43 of 1st overtime period - Sam Bennett wins face-off versus Elias Lindholm in ANAHEIM Ducks zone.
2:44 of 1st overtime period - Shot by Matt Nieto.
2:44 of 1st overtime period - Stopped by Philipp Grubauer with a rebound.
4:28 of 1st overtime period - Shot by Elias Lindholm.
4:28 of 1st overtime period - Goal by Elias Lindholm - SAN JOSE Sharks : 3 - ANAHEIM Ducks : 4.
Goals for this period are 0 for SAN JOSE Sharks vs 1 for ANAHEIM Ducks.
Shots for this period are 3 for SAN JOSE Sharks vs 2 for ANAHEIM Ducks. Output by the SimonT Hockey Simulator (STHS) for Martin Benoit - Original Page W3C HTML5 Valid
Hockey Simulator - Hockey Simulation - Hockey Manager